 Dungeon Crawl Stone Soup version 0.32-a0-921-g04a7ad8e02 (webtiles) character file.

Game seed: 10614809789316050768

3060 Zaque the Zephyrmancer (level 9, -8/49 HPs)
             Began as a Tengu Air Elementalist on Apr 12, 2024.
             Was an Initiate of Vehumet.
             Mangled by an orc warrior
             ... wielding a +0 glaive
              (19 damage)
             ... on level 8 of the Dungeon.
             The game lasted 00:38:33 (10155 turns).

Zaque the Zephyrmancer (Tengu Air Elementalist)    Turns: 10155, Time: 00:38:34

Health: -8/49      AC:  7    Str:  9    XL:     9   Next: 87%
Magic:  6/18       EV: 14    Int: 20    God:    Vehumet [......]
Gold:   574        SH:  5    Dex: 20    Spells: 6/19 levels left

rFire   + . .        w - staff of conjuration
rCold   . . .        H - +0 buckler
rNeg    . . .        C - +3 leather armour {rPois}
rPois   +            (helmet restricted)
rElec   .            E - +0 cloak
rCorr   .            (no gloves)
SInv    .            (boots unavailable)
Will    .....        (no amulet)
Stlth   ++           j - ring of protection from fire
HPRegen 0.28/turn    x - +6 ring of dexterity
MPRegen 0.16/turn

%: acrobat
@: flying
A: beak, talons 3, evasive flight, acrobatic
a: Renounce Religion


You were on level 8 of the Dungeon.
You worshipped Vehumet.
Vehumet was noncommittal.
You visited 2 branches of the dungeon, and saw 9 of its levels.

You collected 574 gold pieces.

Inventory:

Hand Weapons
 f - a +0 spear
 A - a +2 short sword of speed
Missiles
 c - 61 stones
 d - 2 silver javelins
Armour
 C - a +3 leather armour of poison resistance (worn)
 E - a +0 cloak (worn)
 H - a +0 buckler (worn)
Magical Staves
 w - a staff of conjuration (weapon)
Jewellery
 j - a ring of protection from fire (left hand)
 x - a +6 ring of dexterity (right hand)
 J - the Hermit's Pendant {Faith Invo=14 Evo=0 MP+5}
   (You took it off a centaur on level 7 of the Dungeon)

   [amulet of faith]

   Invo=14: It sets your Invocations skill to 14.
   Evo=0: It sets your Evocations skill to 0.
   Faith:     It allows you to gain divine favour quickly.
   MP+5:      It affects your magic capacity (+5).
 L - a ring of ice
Wands
 z - a wand of flame (6)
 D - a wand of charming (14)
 K - a wand of digging (5)
Scrolls
 a - 2 scrolls of teleportation {unknown}
 e - 2 scrolls of poison {unknown}
 g - 2 scrolls of noise {unknown}
 i - a scroll of fog {unknown}
 l - a scroll of enchant weapon {unknown}
 n - 3 scrolls of identify {unknown}
 o - a scroll of enchant armour {unknown}
 p - 2 scrolls of vulnerability {unknown}
 r - 2 scrolls of blinking {unknown}
 s - 2 scrolls of revelation {unknown}
 v - 4 scrolls of fear {unknown}
 y - a scroll of brand weapon {unknown}
 G - a scroll of amnesia {unknown}
Potions
 b - a potion of magic
 h - 3 potions of haste {unknown}
 k - 2 potions of berserk rage {unknown}
 m - 2 potions of heal wounds {unknown}
 q - 2 potions of brilliance {unknown}
 t - 2 potions of lignification {unknown}
 u - a potion of degeneration {unknown}
 B - a potion of attraction {unknown}
 F - a potion of invisibility {unknown}
 I - a potion of enlightenment {unknown}


   Skills:
 + Level 2.6 Fighting
 - Level 5.3 Armour
 - Level 2.1 Dodging
 - Level 2.0 Stealth
 + Level 2.6 Shields
 + Level 5.8 Spellcasting
 + Level 8.1 Conjurations
 + Level 5.4 Fire Magic
 + Level 8.8 Air Magic


You had 6 spell levels left.
You knew the following spells:

 Your Spells              Type           Power      Damage    Failure   Level
a - Shock                 Conj/Air       100%       1d9       1%          1
b - Airstrike             Air            20%        2d(3-19)  5%          4
c - Plasma Beam           Fire/Air       17%        2x1d28    87%         6
d - Searing Ray           Conj           100%       2d8       1%          2

Your spell library contained the following spells:

 Spells                   Type           Power      Damage    Failure   Level
 Foxfire                  Conj/Fire      100%       2x1d9     1%          1
 Magic Dart               Conj           100%       1d8       1%          1
 Static Discharge         Conj/Air       100%       3-8/arc   1%          2
 Swiftness                Air            41%        N/A       1%          3
 Call Imp                 Summ           10%        N/A       32%         2
 Lesser Beckoning         Tloc           10%        N/A       32%         2
 Sublimation of Blood     Necr           5%         N/A       32%         2
 Fulminant Prism          Conj/Alch      16%        3d11      38%         4
 Maxwell's Portable Pile  Tloc           5%         2d(5-15)  54%         3
 Teleport Other           Tloc           5%         N/A       54%         3
 Summon Blazeheart Golem  Fire/Summ      16%        N/A       56%         4
 Starburst                Conj/Fire      24%        6d8       91%         6
 Orb of Destruction       Conj           27%        9d9       100%        7
 Spellforged Servitor     Conj/Summ      16%        N/A       100%        7
 Summon Hydra             Summ           2%         N/A       100%        7


Dungeon Overview and Level Annotations

Branches:
Dungeon (8/15)             Temple (1/1) D:6
   Lair: D:8-11

Altars:
Ashenzari
Cheibriados
Dithmenos
Elyvilon
Fedhas
Hepliaklqana
Kikubaaqudgha
Makhleb
Nemelex Xobeh
Okawaru
Qazlal
Ru
Sif Muna
Trog
Uskayaw
Vehumet
Wu Jian
Xom
Yredelemnul
Zin
The Shining One

Annotations:
D:5 1 transporter, Drangen's ghost, novice CoHu
D:7 2 transporters, crabbyslav's ghost, novice CoAr


Innate Abilities, Weirdness & Mutations

You have a beak for a mouth.
You have claws for feet.
Your magical flight helps you evade attacks. (EV +4)
You can magically evade attacks while moving or waiting.


Message History

You feel a surge of power!
The zap hits the orc warrior.
The orc warrior is severely wounded.
The zap hits the orc warrior but does no damage.
The orc warrior is severely wounded.
The zap hits the orc.
The orc is severely wounded.
The zap misses the orc.
* * * LOW MAGIC WARNING * * *
The orc hits you from afar with a +0 trident.
The orc warrior hits you from afar with a +0 glaive!
* * * LOW HITPOINT WARNING * * *
Casting: Shock (safe; 1% risk of failure)
Confirm with . or Enter, or press ? or * to list all spells.
Aiming: Shock (safe; 1% risk of failure)
Press: ? - help, Shift-Dir - straight line You feel a surge of power!
The zap hits the orc warrior but does no damage.
The orc warrior is severely wounded.
The zap hits the orc warrior but does no damage.
The orc warrior is severely wounded.
The zap hits the orc but does no damage.
The orc is severely wounded.
The zap hits the orc.
You kill the orc!
Vehumet accepts your kill.
* * * LOW MAGIC WARNING * * *
The orc warrior hits you from afar with a +0 glaive!
* * * LOW HITPOINT WARNING * * *
Casting: Shock (safe; 1% risk of failure)
Confirm with . or Enter, or press ? or * to list all spells.
Aiming: Shock (safe; 1% risk of failure)
Press: ? - help, Shift-Dir - straight line You feel a surge of power!
The zap hits the orc warrior.
The orc warrior is severely wounded.
The zap misses the orc warrior.
The zap hits the orc!
You kill the orc!
Vehumet accepts your kill.
* * * LOW MAGIC WARNING * * *
The orc warrior hits you from afar with a +0 glaive!!
You die...

####..#.#### #....#
#...### #.#...# #.###.#
. ..# #.#
..######.####### #####
..............)###......
.......###.###o.@.......
.#####.....#######......
####...# ..... #ß..ß##
.... #...._# ##.
###..### #_...._#
###..### #.....#


You could see an orc warrior.

Vanquished Creatures
  Pikel (D:4)
  Eustachio (D:4)
  Edmund (D:6)
  An acid dragon (D:8)
  A water moccasin (D:6)
  3 sky beasts
  An orc warrior (D:8)
  A black bear (D:6)
  3 centaurs
  3 lemures (D:4)
  2 phantoms
  A bullfrog (D:7)
  A gnoll sergeant (D:5)
  A scorpion (D:5)
  A howler monkey (D:3)
  3 jellies
  A bombardier beetle (D:6)
  2 hounds (D:4)
  An orc priest (D:5)
  5 sleepcaps
  A gnoll bouda (D:5)
  3 iguanas
  4 orc wizards
  Robin (D:4)
  22 gnolls
  11 adders
  2 white imps
  2 ufetubi (D:6)
  6 dart slugs
  2 ribbon worms (D:4)
  15 orcs
  15 ball pythons
  6 endoplasms
  3 giant cockroaches
  49 goblins
  27 hobgoblins
  7 kobolds
  2 quokkas
  10 bats
  3 frilled lizards
  5 rats
230 creatures vanquished.

Notes
Turn   | Place    | Note
-------+----------+-------------------------------------------
     0 | D:1      | Zaque the Tengu Air Elementalist began the quest for the
                  | Orb.
     0 | D:1      | Reached XP level 1. HP: 10/10 MP: 4/4
    94 | D:1      | Reached XP level 2. HP: 15/15 MP: 3/6
   851 | D:2      | Reached XP level 3. HP: 19/19 MP: 5/7
  1493 | D:2      | Reached skill level 1 in Armour
  1493 | D:2      | Reached XP level 4. HP: 24/24 MP: 2/8
  2110 | D:3      | Found a bloodstained altar of Trog.
  2110 | D:3      | Found a shimmering altar of Xom.
  2290 | D:3      | Reached skill level 5 in Air Magic
  2423 | D:3      | Reached XP level 5. HP: 28/28 MP: 4/10
  3226 | D:3      | Reached XP level 6. HP: 32/32 MP: 7/11
  3543 | D:3      | Learned a level 4 spell: Airstrike
  3550 | D:3      | Learned a level 6 spell: Plasma Beam
  4337 | D:4      | Noticed Robin
  4339 | D:4      | Killed Robin
  4576 | D:4      | Noticed Eustachio
  4588 | D:4      | Killed Eustachio
  4589 | D:4      | Reached skill level 5 in Conjurations
  4589 | D:4      | Reached skill level 1 in Fire Magic
  4589 | D:4      | Gained mutation: Your magical flight helps you evade
                  | attacks. (EV +4) [Tengu growth]
  4589 | D:4      | Reached XP level 7. HP: 31/36 MP: 1/13
  4809 | D:4      | Noticed Pikel
  4856 | D:4      | Killed Pikel
  4857 | D:4      | Reached XP level 8. HP: 39/41 MP: 8/15
  5208 | D:4      | Learned a level 2 spell: Searing Ray
  6042 | D:5      | Entered Level 5 of the Dungeon
  6717 | D:5      | Reached skill level 5 in Armour
  6870 | D:5      | Reached skill level 5 in Spellcasting
  6995 | D:5      | Noticed Drangen's ghost (novice CoHu)
  7014 | D:5      | Found a transporter.
  7028 | D:5      | Reached XP level 9. HP: 33/45 MP: 12/17
  7187 | D:5      | Found a glowing silver altar of Zin.
  7738 | D:6      | Reached skill level 1 in Shields
  7819 | D:6      | Reached skill level 1 in Fighting
  7990 | D:6      | Found a radiant altar of Vehumet.
  7996 | D:6      | Became a worshipper of Vehumet
  8828 | D:6      | Found a staircase to the Ecumenical Temple.
  8863 | D:6      | Noticed Edmund
  8877 | D:6      | Killed Edmund
  9017 | Temple   | Entered the Ecumenical Temple
  9274 | D:7      | Noticed a moth of wrath
  9274 | D:7      | Noticed crabbyslav's ghost (novice CoAr)
  9284 | D:7      | Reached skill level 5 in Fire Magic
  9509 | D:7      | Found a transporter.
  9513 | D:7      | Found a transporter.
  9514 | D:7      | Found a bloodstained altar of Trog.
 10097 | D:8      | Found a hazy altar of Hepliaklqana.
 10112 | D:8      | Found an ornate altar of the Wu Jian Council.
 10113 | D:8      | Found an iron altar of Okawaru.
 10118 | D:8      | Found a sparkling altar of Nemelex Xobeh.
 10147 | D:8      | Identified the +7 chain mail of Defiance {^Drain rC++ Will-
                  | Int+9}
 10155 | D:8      | Mangled by an orc warrior

Illustrated notes

Levels and vault maps discovered:
D:1:      dpeg_arrival_fog, layout_rooms
D:2:      layout_rooms, hangedman_glass_teeth
D:3:      minmay_goblin_kobold_castle, layout_loops_ring,
          amethyst_overflow_temple_binary, minmay_shallow_snake_nest
D:4:      layout_basic, grunt_tough_drop, uniq_robin, uniq_pikel, uniq_eustachio
D:5:      layout_loops_ring, nicolae_overflow_hidden_temple,
          gammafunk_ghost_smash, minmay_stone_trees_small
D:6:      layout_basic, mainiacjoe_overflow_six_doors_small,
          minmay_temple_entry_trees, uniq_edmund
D:7:      layout_basic, gammafunk_ghost_wrathful_warriors
D:8:      layout_rooms, minitemple, serial_shops, nicolae_shop_window_shopping,
          amcnicky_mini_rare_corridor_liquid, kennysheep_generic_room_13
Temple:   nicolae_temple_figure_eight

Skill      XL: |  1  2  3  4  5  6  7  8  9 |
---------------+----------------------------+-----
Conjurations   | 2 3 4 5 7 8 |  8.1
Armour         | 1 2 3 4 5 |  5.3
Air Magic      | 5 6 7 8 |  8.8
Spellcasting   | 3 4 5 |  5.8
Fire Magic     | 1 2 4 5 |  5.4
Shields        | 2 |  2.6
Fighting       | 2 |  2.6
Dodging        | |  2.1
Stealth        | |  2.0

Action                     |  1- 3 |  4- 6 |  7- 9 || total
---------------------------+-------+-------+-------++-------
  Melee: Spear             |       |     4 |       ||     4
   Cast: Shock             |    76 |   208 |   174 ||   458
         Searing Ray       |       |       |    34 ||    34
         Airstrike         |       |       |     6 ||     6
 Armour: Robe              |     4 |     4 |       ||     8
         Ring mail         |       |    13 |       ||    13
         Leather armour    |       |       |    28 ||    28
  Dodge: Dodged            |     9 |    19 |    74 ||   102
  Block: Buckler           |       |       |    12 ||    12

Table legend: (Time is in decaauts)
 A = Elapsed time spent in this place.
 B = Non-inter-level travel time spent in this place.
 C = Inter-level travel time spent in this place.
 D = Time resting spent in this place.
 E = Time spent auto-exploring this place.
 F = Levels seen in this place.
 G = Mean time per level.
                   A        B        C        D        E       F      G
               +--------+--------+--------+--------+--------+-----+--------+
         Total |  10162 |   9599 |    563 |   1485 |   6802 |   9 | 1129.1 |
       Dungeon |  10160 |   9597 |    563 |   1485 |   6802 |   8 | 1270.0 |
        Temple |      1 |      1 |      0 |      0 |      0 |   1 |    1.0 |
               +--------+--------+--------+--------+--------+-----+--------+

Top non-repeatable levels by time:
     D:3: 2513 daAuts
     D:4: 2163 daAuts
     D:6: 1503 daAuts
     D:5: 1215 daAuts
     D:1: 843 daAuts
     D:2: 817 daAuts
     D:7: 727 daAuts
     D:8: 376 daAuts
  Temple: 1 daAuts
